 Dungeon Crawl Stone Soup version 0.30.1 (webtiles) character file.

Game seed: 5972903385931427939

820 McKennaii the Conjurer (level 7, -3/50 HPs)
             Began as a Demigod Conjurer on July 1, 2023.
             Shot with an arrow by a centaur (4 damage)
             ... on level 5 of the Dungeon.
             The game lasted 00:04:53 (4997 turns).

McKennaii the Conjurer (Demigod Conjurer)           Turns: 4997, Time: 00:04:53

Health: -3/50      AC:  3    Str:  8    XL:     7   Next: 36%
Magic:  8/18       EV: 12    Int: 28    God:
Gold:   238        SH:  0    Dex: 16    Spells: 9/16 levels left

rFire   . . .        e - +4 rapier of Earthquakes {drain, rPois Dex+4}
rCold   . . .        (no shield)
rNeg    . . .        a - +0 robe
rPois   +            (no helmet)
rElec   .            d - +0 cloak
rCorr   .            (no gloves)
SInv    .            (no boots)
Will    .....        (no amulet)
Stlth   ++           (no ring)
HPRegen 0.28/turn    (no ring)
MPRegen 0.16/turn

%: no passive effects
@: no status effects
A: high MP 1, forlorn, divine attributes
a: no special abilities


You were on level 5 of the Dungeon.
You visited 1 branch of the dungeon, and saw 5 of its levels.
You also visited: Sewer.

You collected 238 gold pieces.

Inventory:

Hand Weapons
 e - the +4 rapier of Earthquakes (weapon) {drain, rPois Dex+4}
   (You found it on level 2 of the Dungeon)

   Dex:       It affects your dexterity (+4).
   rPois:     It protects you from poison.
Armour
 a - a +0 robe (worn)
 d - a +0 cloak (worn)
Magical Staves
 l - a staff of earth
Scrolls
 c - 2 scrolls of magic mapping {unknown}
 f - 2 scrolls of identify {unknown}
 h - a scroll of immolation {unknown}
 i - 6 scrolls of blinking {unknown}
 k - a scroll of noise {unknown}
 s - 2 scrolls of poison {unknown}
 u - a scroll of enchant weapon {unknown}
 v - 2 scrolls of fear {unknown}
Potions
 b - 3 potions of magic
 g - a potion of might {unknown}
 j - a potion of resistance
 m - 3 potions of brilliance {unknown}
 n - a potion of cancellation {unknown}
 o - 2 potions of mutation {unknown}
 p - 2 potions of heal wounds {unknown}
 q - a potion of invisibility {unknown}
 r - a potion of experience {unknown}
 t - 4 potions of haste {unknown}


   Skills:
 - Level 1.7 Dodging
 - Level 1.7 Stealth
 + Level 5.3 Spellcasting
 + Level 6.7 Conjurations


You had 9 spell levels left.
You knew the following spells:

 Your Spells              Type           Power      Damage    Failure   Level
a - Magic Dart            Conj           100%       1d8       1%          1
b - Searing Ray           Conj           90%        2d7       1%          2
c - Iskenderun's Mystic   Conj/Tloc      26%        2d7       16%         4

Your spell library contained the following spells:

 Spells                   Type           Power      Damage    Failure   Level
 Dazzling Flash           Conj/Hex       52%        N/A       4%          3
 Beastly Appendage        Tmut           14%        N/A       6%          1
 Summon Small Mammal      Summ           28%        N/A       6%          1
 Cigotuvi's Dreadful Rot  Necr/Pois/Air  14%        N/A       10%         2
 Wereblood                Tmut           7%         N/A       10%         2
 Fulminant Prism          Conj/Hex       13%        3d9       16%         4
 Call Canine Familiar     Summ           7%         N/A       19%         3
 Ignite Poison            Fire/Tmut/Pois 7%         N/A       19%         3
 Spider Form              Tmut/Pois      7%         N/A       19%         3
 Summon Guardian Golem    Hex/Summ       7%         N/A       19%         3
 Freezing Cloud           Conj/Ice/Air   9%         6-21      58%         5
 Agony                    Necr           7%         N/A       87%         5
 Silence                  Hex/Air        3%         N/A       87%         5


Dungeon Overview and Level Annotations

Branches:
Dungeon (5/15)             Temple (0/1) D:5           Sewer (visited)

Shops:
D:2 (

Annotations:
D:1 2 transporters


Innate Abilities, Weirdness & Mutations

You have an increased reservoir of magic. (+10% MP)
You shall have no god before yourself.
Your divine heritage dramatically boosts your attributes as you level up.


Message History

Casting: Magic Dart (safe; 1% risk of failure)
Confirm with . or Enter, or press ? or * to list all spells.
Aiming: Searing Ray (safe; 1% risk of failure)
Press: ? - help, Shift-Dir - straight line, f - iguana
Aim: an iguana (84% to hit)
The searing ray hits the iguana!
The iguana is heavily wounded. (Press . to maintain the ray.) Unknown command.
The searing ray hits the iguana.
The iguana is heavily wounded.
The searing ray hits the iguana.
The iguana is severely wounded.
The iguana bites you!
Unknown command.
Casting: Searing Ray (safe; 1% risk of failure)
Confirm with . or Enter, or press ? or * to list all spells.
Restarting spell: Searing Ray (safe; 1% risk of failure)
Press: ? - help, Shift-Dir - straight line, f - adder, p - iguana
Aim: an adder (70% to hit)
The searing ray hits the iguana.
The iguana is almost dead.
The searing ray misses the centaur.
The searing ray hits the adder!
The adder is severely wounded. (Press . to maintain the ray.)
The iguana barely misses you.
Unknown command.
The searing ray hits the iguana.
You kill the iguana!
The searing ray hits the centaur.
The centaur is severely wounded.
The searing ray misses the adder.
The centaur shoots an arrow.
The arrow hits you!
* * * LOW HITPOINT WARNING * * *
The searing ray hits the centaur.
The centaur is almost dead.
The centaur shoots an arrow.
The arrow hits you!
* * * LOW HITPOINT WARNING * * *
The centaur shoots an arrow.
The arrow hits you.
You die...

#.....8.8.8...#.##.#.#
................#..#..
#.............###.####
####.......#### #.
#.#...#.# #. #.#...#.#
# #...#.#
#####.#...#.#
.......@....#
####.###.#### # #c#
.S# .. .... .. ..###
.. S.. .c.. ....


You could see a centaur and an adder.

Vanquished Creatures
  Menkaure (D:4)
  2 ogres (D:4)
  2 jellies (Sewer)
  2 orc priests (D:4)
  Crazy Yiuf (D:2)
  Jessica (D:2)
  2 iguanas
  2 orc wizards (D:4)
  5 gnolls (D:4)
  8 adders
  A river rat (Sewer)
  An ufetubus (D:4)
  A worm (Sewer)
  2 dart slugs
  12 orcs
  16 endoplasms
  5 giant cockroaches
  6 goblins
  8 hobgoblins
  2 jackals (D:1)
  4 kobolds
  7 quokkas
  10 ball pythons
  6 frilled lizards
  8 rats
115 creatures vanquished.

Notes
Turn   | Place    | Note
-------+----------+-------------------------------------------
     0 | D:1      | McKennaii the Demigod Conjurer began the quest for the Orb.
     0 | D:1      | Reached XP level 1. HP: 14/14 MP: 5/5
   297 | D:1      | Reached XP level 2. HP: 20/20 MP: 2/7
   676 | D:1      | Reached skill level 4 in Conjurations
   679 | D:1      | Learned a level 2 spell: Searing Ray
   843 | D:2      | Noticed Jessica
   848 | D:2      | Killed Jessica
   849 | D:2      | Reached XP level 3. HP: 20/26 MP: 2/9
  1054 | D:2      | Identified the +4 rapier of Earthquakes {drain, rPois
                  | Dex+4}
  1180 | D:2      | Reached XP level 4. HP: 27/33 MP: 11/11
  1294 | D:2      | Found Zooheg's Antique Weapon Emporium.
  1341 | D:2      | Found a runed translucent door.
  1342 | D:2      | Noticed Crazy Yiuf
  1516 | D:2      | Learned a level 4 spell: Iskenderun's Mystic Blast
  1720 | D:3      | Found a glowing drain.
  1725 | Sewer    | Entered a sewer
  2300 | Sewer    | Reached skill level 5 in Conjurations
  2300 | Sewer    | Reached XP level 5. HP: 38/38 MP: 9/13
  2693 | D:3      | Identified the +0 chain mail of the Game of Kings {rC+++
                  | Will- Stlth+}
  3406 | D:4      | Noticed an ogre
  3510 | D:4      | Noticed an ogre
  3518 | D:4      | Killed an ogre
  3519 | D:4      | Reached XP level 6. HP: 45/45 MP: 5/15
  3888 | D:4      | Noticed Menkaure
  3892 | D:4      | Killed Menkaure
  3893 | D:4      | Reached skill level 6 in Conjurations
  4251 | D:4      | Reached XP level 7. HP: 46/50 MP: 7/17
  4262 | D:4      | Reached skill level 5 in Spellcasting
  4726 | D:5      | Entered Level 5 of the Dungeon
  4765 | D:2      | Killed Crazy Yiuf
  4968 | D:5      | Found a staircase to the Ecumenical Temple.
  4997 | D:5      | HP: 1/50 [centaur/arrow (11)]
  4997 | D:5      | Shot with an arrow by a centaur

Illustrated notes

Levels and vault maps discovered:
D:1:      spicycebolla_arrival_transporter_tutorial, layout_rooms,
          ebering_ecumenical_altar_mist
D:2:      layout_rooms, serial_shops, nicolae_shop_statue_plus,
          uniq_crazy_yiuf_cottage, uniq_jessica
D:3:      layout_loops_ring, gup_sewer_entry_bowl
D:4:      layout_basic, ashenzari_conservatory_becter, grunt_ministairs_14,
          hangedman_abyss_or_decor_stabs, sigmund_army, uniq_menkaure
D:5:      layout_loops_cross, minmay_temple_entry_statues_fountains,
          minmay_liquid_box

Skill      XL: |  1  2  3  4  5  6  7 |
---------------+----------------------+-----
Spellcasting   | 2 3 4 5 |  5.3
Conjurations   | 4 5 6 |  6.7
Dodging        | |  1.7
Stealth        | |  1.7

Action                     |  1- 3 |  4- 6 |  7- 9 || total
---------------------------+-------+-------+-------++-------
  Melee: Unarmed           |    12 |       |       ||    12
         Rapier            |    10 |     3 |    11 ||    24
   Cast: Magic Dart        |    57 |   163 |    25 ||   245
         Searing Ray       |       |    14 |     4 ||    18
    Use: Potion            |     2 |       |       ||     2
   Stab: Sleeping          |     1 |       |       ||     1
 Armour: Robe              |    11 |     2 |       ||    13
  Dodge: Dodged            |    31 |    24 |    11 ||    66
